Construct Infanterie Kompanie
Selects Mechanized Battlegroup
Construct Luftwaffe Kompanie
Selects Mobile Repair Stations
Flak 30 Anti-aircraft Gun Team
Marder III M Tank Destroyer
Marder III M Tank Destroyer
Luftwaffe Officer Quarters
Selects 8 Rad Armored Car
Construct Panzer Kompanie
Selects UNKNOWN (2160084)
Selects Wespe Self-propelled Artillery
Selects Zeroing Artillery Barrage
Wespe Self-propelled Artillery
Wespe Self-propelled Artillery
Zeroing Artillery Barrage
Zeroing Artillery Barrage